 Dungeon Crawl Stone Soup version 0.32-a0-450-g080537f31e (webtiles) character file.

Game seed: 7610305450314034673

15 shadowstone the Chopper (level 2, -9/25 HPs)
             Began as a Mountain Dwarf Reaver on Feb 23, 2024.
             Mangled by Sigmund
             ... wielding a +0 scythe
              (10 damage)
             ... on level 2 of the Dungeon.
             The game lasted 00:03:44 (1052 turns).

shadowstone the Chopper (Mountain Dwarf Reaver)     Turns: 1052, Time: 00:03:45

Health: -9/25      AC:  3    Str: 14    XL:     2   Next: 34%
Magic:  13/13      EV: 11    Int: 13    God:
Gold:   42         SH:  0    Dex:  8    Spells: 1/4 levels left

rFire   . . .        c - +0 broad axe of Gomacriu {venom, MP+9}
rCold   . . .        (no shield)
rNeg    . . .        b - +0 leather armour
rPois   .            (no helmet)
rElec   .            (no cloak)
rCorr   .            (no gloves)
SInv    .            (no boots)
Will    .....        (no amulet) Stlth
                     (no ring)
HPRegen 0.24/turn    (no ring)
MPRegen 0.13/turn

%: no passive effects
@: confused
A: runic magic, artefact enchanting
a: no special abilities


You were on level 2 of the Dungeon.
You visited 1 branch of the dungeon, and saw 2 of its levels.

You collected 42 gold pieces.

Inventory:

Hand Weapons
 a - a +0 hand axe
 c - the +0 broad axe of Gomacriu (weapon) {venom, MP+9}
   (You acquired it on level 1 of the Dungeon)

   MP+9:      It affects your magic capacity (+9).
Armour
 b - a +0 leather armour (worn)
Potions
 d - a potion of magic {unknown}
 e - a potion of degeneration {unknown}


   Skills:
 + Level 2.4 Fighting
 + Level 4.0 Axes
 + Level 1.4 Dodging
 + Level 1.8 Spellcasting
 + Level 3.0 Conjurations


You had one spell level left.
You knew the following spells:

 Your Spells              Type           Power      Damage    Failure   Level
a - Kiss of Death         Conj/Necr      20%        2d7       14%         1
b - Momentum Strike       Conj/Tloc      10%        3d8       22%         2

Your spell library contained the following spells:

 Spells                   Type           Power      Damage    Failure   Level
 Hailstorm                Conj/Ice       5%         3d5       41%         3


Dungeon Overview and Level Annotations

Branches:
Dungeon (2/15)

Altars:

Annotations:
D:2 Sigmund


Innate Abilities, Weirdness & Mutations

Your spellcasting is much less encumbered by armour.
You can use scrolls of enchantment on lesser artefacts.


Message History

Found a book of Debilitation.
Found a stone staircase leading up.
The endoplasm freezes you.
You are frozen.
The endoplasm hits you. The endoplasm freezes you.
You are frozen.
A hobgoblin comes into view.
A hobgoblin comes into view.
Found a stone staircase leading down.
The hobgoblin shouts! x2
You hit the endoplasm.
You kill the endoplasm!
Sigmund closely misses you.
You barely miss Sigmund. Sigmund hits you with a +0 scythe!
* * * LOW HITPOINT WARNING * * *
You completely miss Sigmund. Sigmund gestures at you while chanting.
You are confused.
You slash Sigmund!
Sigmund is heavily wounded.
You miss the hobgoblin. Sigmund casts a spell at you.
You are more confused.
The hobgoblin hits you.
* * * LOW HITPOINT WARNING * * *
You bump into the rock wall.
Sigmund barely misses you.
The hobgoblin hits you but does no damage.
The hobgoblin barely misses you.
You bump into the rock wall.
The hobgoblin hits you.
* * * LOW HITPOINT WARNING * * *
The hobgoblin hits you but does no damage.
Sigmund hits you but does no damage.
Unknown command.
You closely miss Sigmund.
Sigmund is heavily wounded.
You barely miss the hobgoblin. You hit the hobgoblin but do no damage.
The hobgoblin barely misses you. The hobgoblin closely misses you.
Sigmund hits you with a +0 scythe!
You die...
Sigmund begins carving another notch in his scythe.

#.#.# #.#.# .<.. ##.##
###...# ### #...#.# #..
##.#########.#..g##....>
#.............@@g.......
##<#########..###.#.....
#.# #..# .# #.. #.# #..#
.# #.# #:.# .# ..# ....
.# .## #..... .. .
#.#.## ## #.


You could see Sigmund and 2 hobgoblins.

Vanquished Creatures
  2 ball pythons (D:1)
  2 endoplasms
  A giant cockroach (D:1)
  A goblin (D:1)
  2 jackals (D:1)
  3 bats (D:1)
  A frilled lizard (D:1)
  A rat (D:1)
13 creatures vanquished.

Notes
Turn   | Place    | Note
-------+----------+-------------------------------------------
     0 | D:1      | shadowstone the Mountain Dwarf Reaver began the quest for
                  | the Orb.
     0 | D:1      | Reached XP level 1. HP: 17/17 MP: 3/3
   205 | D:1      | Found a faded altar of an unknown god.
   592 | D:1      | Reached XP level 2. HP: 24/24 MP: 4/4
   599 | D:1      | Learned a level 2 spell: Momentum Strike
   601 | D:1      | Identified a scroll of acquirement
   601 | D:1      | Acquired the +0 broad axe of Gomacriu {venom, MP+9}
   825 | D:1      | Reached skill level 4 in Axes
  1039 | D:2      | Noticed Sigmund
  1051 | D:2      | HP: 1/25 [hobgoblin (4)]
  1052 | D:2      | Mangled by Sigmund

Illustrated notes

Levels and vault maps discovered:
D:1:      grunt_arrival_crossed_arrows, layout_loops_corners,
          ebering_ecumenical_altar_abandoned, moated_statue
D:2:      layout_loops_ring, chequers_jeans, kennysheep_generic_room_9,
          uniq_sigmund

Skill      XL: |  1  2 |
---------------+-------+-----
Conjurations   | 3 |  3.0
Axes           | 4 |  4.0
Fighting       | |  2.4
Dodging        | |  1.4
Spellcasting   | |  1.8

Action                     || total
---------------------------++-------
  Melee: Hand axe          ||    31
         Broad axe         ||    16
    Use: Scroll            ||     1
 Armour: Leather armour    ||    56
  Dodge: Dodged            ||    54

Table legend: (Time is in decaauts)
 A = Elapsed time spent in this place.
 B = Non-inter-level travel time spent in this place.
 C = Inter-level travel time spent in this place.
 D = Time resting spent in this place.
 E = Time spent auto-exploring this place.
 F = Levels seen in this place.
 G = Mean time per level.
                   A        B        C        D        E       F      G
               +--------+--------+--------+--------+--------+-----+--------+
         Total |   1060 |   1015 |     45 |      0 |    654 |   2 |  530.0 |
       Dungeon |   1060 |   1015 |     45 |      0 |    654 |   2 |  530.0 |
               +--------+--------+--------+--------+--------+-----+--------+

Top non-repeatable levels by time:
     D:1: 1035 daAuts
     D:2: 25 daAuts
